AoeStats
← Kronosrex

Black Forest

508381598Analyzed
3v3 RM · 10d ago on Sep 22, 2026· 43m 44s· 6 players
Game mode
Random Map
Map size
Normal (6 player)
Population
200
Speed
Normal
Resources
Standard
Victory
Conquest
Starting age
Dark Age
Ending age
Imperial Age
RankedLock teamsTeams togetherTeam positionsShared explorationLock speedFull tech treeHidden civsTurbo modeCheats
Victory
Defeat
🇮🇹 Cumans · Italy
721
+16
🇳🇴 Koreans · Norway
708
+17
🇩🇪 Khmer · Germany
676
+18
🇪🇸 Persians · Spain
762
-18
🇨🇳 Goths · China
717
-17
🇨🇳 Britons · China
693
-16
KoN_Air
1:33 Loom
14:23 Feudal Age
19:46 Castle Age
18:07 Double-Bit Axe
18:36 Stone Mining
18:30 Horse Collar
29:23 Heavy Plow
30:01 Wheelbarrow
30:23 Town Watch
30:52 Bow Saw
31:00 Hand Cart
34:22 Gold Mining
33:54 Pikeman
34:35 Squires
34:21 Arson
38:01 Imperial Age
37:24 Stone Shaft Mining
37:24 Gold Shaft Mining
shakerL
11:08 Feudal Age
10:40 Loom
15:07 Castle Age
13:34 Double-Bit Axe
14:09 Horse Collar
16:00 Wheelbarrow
16:37 Heavy Plow
19:27 Bow Saw
21:09 Hand Cart
21:33 Gold Mining
25:23 Gold Shaft Mining
24:44 Stone Mining
29:49 Imperial Age
27:45 Town Watch
29:12 Caravan
29:25 Husbandry
29:36 Bloodlines
29:40 Scale Barding Armor
29:46 Forging
29:36 Scale Mail Armor
30:16 Stone Shaft Mining
30:47 Chain Barding Armor
32:53 Iron Casting
32:39 Chain Mail Armor
33:43 Plate Barding Armor
33:38 Town Patrol
37:34 Blast Furnace
36:18 Elite Battle Elephant
39:44 Tusk Swords
43:03 Chemistry
42:24 Ballistics
42:14 Fortified Wall
42:00 Murder Holes
42:08 Padded Archer Armor
41:59 Fletching
Peppe_04
0:27 Loom
12:34 Feudal Age
13:22 Double-Bit Axe
16:25 Horse Collar
16:21 Man-at-Arms
22:11 Castle Age
22:33 Capped Ram
27:47 Long Swordsman
27:48 Pikeman
28:28 Squires
28:44 Pikeman
29:10 Arson
39:16 Forging
39:06 Scale Mail Armor
40:32 Iron Casting
42:41 Imperial Age
40:56 Heavy Plow
41:10 Bow Saw
42:44 Elite Steppe Lancer
43:29 Light Cavalry
44:24 Bloodlines
centaurea
7:38 Loom
11:25 Feudal Age
12:03 Double-Bit Axe
12:02 Horse Collar
20:12 Castle Age
21:12 Heavy Plow
21:25 Bow Saw
21:11 Fletching
21:24 Padded Archer Armor
22:46 Bodkin Arrow
23:40 Stone Mining
23:49 Gold Mining
26:01 Wheelbarrow
26:12 Leather Archer Armor
26:20 Town Watch
26:58 Hand Cart
28:52 Caravan
32:20 Imperial Age
31:16 Yeomen
31:57 Gold Shaft Mining
32:32 Town Patrol
33:19 Ballistics
33:02 Bracer
33:33 Ring Archer Armor
34:06 Chemistry
33:29 Elite Longbowman
Ming.213
11:02 Feudal Age
16:05 Castle Age
15:06 Double-Bit Axe
22:34 Wheelbarrow
21:44 Town Watch
23:06 Gold Mining
23:08 Stone Mining
25:19 Hand Cart
25:47 Town Patrol
27:02 Loom
28:38 Bow Saw
28:10 Horse Collar
28:01 Man-at-Arms
28:42 Squires
29:21 Long Swordsman
31:22 Forging
31:12 Scale Mail Armor
34:35 Heavy Plow
37:10 Imperial Age
Kronosrex
0:54 Loom
13:04 Feudal Age
14:20 Horse Collar
17:04 Castle Age
14:55 Double-Bit Axe
17:39 Heavy Plow
23:58 Wheelbarrow
24:06 Forging
23:57 Scale Mail Armor
24:02 Scale Barding Armor
Connection lost

Rejoining the realm…

Still unreachable

The connection could not be restored.

Session expired

The server has moved on; the page needs a fresh start.